 Dungeon Crawl Stone Soup version 0.19.0-19-g8c6edcc (webtiles) character file.

84 HungrySpirit the Skirmisher (level 4, -1/41 HPs)
             Began as a Hill Orc Wanderer on Nov 14, 2016.
             Slain by Sigmund
             ... wielding a cursed +0 scythe
              (10 damage)
             ... while paralysed by Grinder
             ... on level 3 of the Dungeon.
             The game lasted 00:02:47 (1552 turns).

HungrySpirit the Skirmisher (Hill Orc Wanderer)     Turns: 1552, Time: 00:02:47

Health: -1/41      AC:  5    Str: 17    XL:     4   Next: 46%
Magic:  4/4        EV:  2    Int: 11    God:
Gold:   50         SH:  0    Dex:  9    Spells: 0 memorised, 3 levels left

rFire  . . .     SeeInvis .     a - +2 hand crossbow
rCold  . . .     Gourm    .     m - +0 ring mail
rNeg   . . .     Faith    .     (no shield)
rPois  .         Spirit   .     (no helmet)
rElec  .         Reflect  .     (no cloak)
rCorr  .         Harm     .     (no gloves)
MR     .....                    (no boots)
Stlth  +.........               (no amulet)
                                (no ring)
                                o - ring of stealth

@: paralysed
A: no striking features
a: no special abilities


You were on level 3 of the Dungeon.
You were hungry.

You visited 1 branch of the dungeon, and saw 3 of its levels.

You collected 50 gold pieces.

Inventory:

Hand Weapons
 a - a +2 hand crossbow (weapon)
 c - a +0 hand axe
Missiles
 b - 30 bolts (quivered)
Armour
 m - a +0 ring mail (worn)
Jewellery
 o - a ring of stealth (left hand)
Wands
 d - a wand of random effects (15/48)
Scrolls
 g - a scroll of teleportation {unknown}
 h - a scroll of blinking {unknown}
 i - a scroll of noise {unknown}
 k - a scroll of magic mapping {unknown}
 n - a scroll of fog {unknown}
 p - 2 scrolls of identify {unknown}
 r - a scroll of remove curse {unknown}
 s - a scroll of enchant weapon {unknown}
Potions
 e - a potion of curing {unknown}
 l - a potion of lignification {unknown}
 q - a potion of berserk rage {unknown}
Comestibles
 f - 2 bread rations
 j - a meat ration


   Skills:
 - Level 4.8 Fighting
   Level 1.8 Short Blades
 * Level 0.3 Axes
   Level 1.0 Bows
 - Level 1.7 Crossbows
 - Level 3.2 Armour
   Level 1.1 Shields
 - Level 1.0 Evocations


You had 3 spell levels left.
You didn't know any spells.

Dungeon Overview and Level Annotations

Branches:
Dungeon (3/15)

Altars:
Okawaru

Annotations:
D:3 Grinder, Sigmund


Message History

Press: ? - help, Shift-Dir - straight line, f/p - Grinder
Aim: Grinder (almost dead, unusually strong)
You shoot a bolt. The bolt barely misses Grinder.
You hear a splash.
The hobgoblin misses you.
Firing (i - inventory):
b - 31 bolts (quivered)
Press: ? - help, Shift-Dir - straight line, f/p - Grinder
Aim: Grinder (almost dead, unusually strong)
You shoot a bolt. The bolt closely misses Grinder.
You hear a splash.
Grinder gestures at you.
You suddenly lose the ability to move!
Sigmund mumbles some strange words.
Sigmund flickers and vanishes!
Deactivating autopickup; reactivate with Ctrl-A.
The hobgoblin hits you but does no damage.
The hobgoblin hits you with a club.
* * * LOW HITPOINT WARNING * * *
Something hits you!
You die...

....≈≈≈≈.≈≈≈≈≈.##
+#.≈≈≈(.≈≈≈≈≈..#
...≈≈≈≈.≈≈≈≈≈..#
...≈≈≈≈.≈≈≈≈≈..#
...............#
...#......#.##.#
...#..>.5.#.....
## #>...(.# #..
#.....@# ..
###+###g.....#
......# ......#
...(..# ......#
.....(. #######


You could see Grinder and a hobgoblin.

Vanquished Creatures
  2 adders (D:2)
  3 oozes
  A worm (D:2)
  2 dart slugs (D:1)
  A ball python (D:2)
  2 giant cockroaches (D:1)
  4 goblins
  6 hobgoblins
  3 jackals
  12 kobolds
  4 bats
  3 frilled lizards
  6 rats
49 creatures vanquished.

Notes
Turn   | Place    | Note
-------+----------+-------------------------------------------
     0 | D:1      | HungrySpirit the Hill Orc Wanderer began the quest for the Orb.
     0 | D:1      | HungrySpirit set off with: a +2 hand crossbow, 25 bolts, a +0 hand axe, a wand of random effects (15/48), a +0 robe, a bread ration
     0 | D:1      | Reached XP level 1. HP: 18/18 MP: 1/1
    45 | D:1      | Reached skill level 3 in Fighting
    77 | D:1      | Reached XP level 2. HP: 25/26 MP: 2/2
   418 | D:1      | Reached skill level 1 in Short Blades
   463 | D:1      | Reached XP level 3. HP: 33/33 MP: 3/3
   597 | D:1      | Reached skill level 4 in Fighting
   790 | D:2      | Found an iron altar of Okawaru.
  1001 | D:2      | Reached XP level 4. HP: 41/41 MP: 4/4
  1542 | D:3      | Noticed Grinder
  1549 | D:3      | Noticed Sigmund
  1551 | D:3      | Paralysed by Grinder for 3 turns
  1552 | D:3      | Slain by Sigmund

Skill      XL: |  1  2  3 |
---------------+----------+-----
Fighting       | 3 4 |  4.8
Short Blades   | 1 |  1.8
Axes           | |  0.3
Bows           | |  1.0
Crossbows      | |  1.7
Armour         | |  3.2
Shields        | |  1.1
Evocations     | |  1.0

Action                   |  1- 3 |  4- 6 || total
-------------------------+-------+-------++-------
 Fire: Hand crossbow     |    67 |    38 ||   105
  Eat: Chunk             |       |     1 ||     1
Armor: Ring mail         |     7 |     6 ||    13
Dodge: Dodged            |    15 |     8 ||    23
